AoeStats
← MattAtArms

Arabia

504735057Analyzed
1v1 RM · 27d ago on Sep 6, 2026· 34m 57s· 2 players
Game mode
Random Map
Map size
Tiny (2 player)
Population
200
Speed
Normal
Resources
Standard
Victory
Conquest
Starting age
Dark Age
Ending age
Imperial Age
RankedLock teamsTeams togetherTeam positionsShared explorationLock speedFull tech treeHidden civsTurbo modeCheats
Victory
Defeat
🇬🇧 Malay · United Kingdom
1920
+17
🇵🇰 Portuguese · Pakistan
1952
-17
MattAtArms
3:04 Loom
9:34 Feudal Age
7:55 Loom
9:41 Feudal Age
9:43 Man-at-Arms
10:11 Double-Bit Axe
14:05 Fletching
21:59 Castle Age
20:11 Gold Mining
20:52 Padded Archer Armor
21:13 Horse Collar
21:53 Bodkin Arrow
21:29 Crossbowman
23:57 Ballistics
28:48 Wheelbarrow
28:40 Bow Saw
29:22 Town Watch
31:23 Thumb Ring
37:27 Imperial Age
CO[M]BO
8:59 Feudal Age
8:05 Loom
10:31 Double-Bit Axe
15:50 Fletching
16:17 Padded Archer Armor
20:36 Horse Collar
21:59 Bloodlines
22:33 Scale Barding Armor
26:54 Castle Age
28:05 Chain Barding Armor
31:35 Husbandry
Connection lost

Rejoining the realm…

Still unreachable

The connection could not be restored.

Session expired

The server has moved on; the page needs a fresh start.